 Dungeon Crawl Stone Soup version 0.30-a0-696-g2367cd04db (webtiles) character file.

Game seed: 9023704905650158779

1322 Shayle the Poker (level 8, -2/63 HPs)
             Began as a Demonspawn Reaver on Jan 21, 2023.
             Slain by a boulder beetle (20 damage)
             ... on level 6 of the Dungeon.
             The game lasted 00:12:54 (5306 turns).

Shayle the Poker (Demonspawn Reaver)                Turns: 5306, Time: 00:12:54

Health: -2/63      AC: 14    Str: 12    XL:     8   Next: 33%
Magic:  11/11      EV: 12    Int: 17    God:
Gold:   302        SH:  0    Dex: 12    Spells: 10/11 levels left

rFire   . . .      SeeInvis .    p - +7 Throatcutter {drain, coup de grace}
rCold   . . .      Faith    .    (no shield)
rNeg    . . .      Spirit   .    q - +2 ring mail
rPois   .          Reflect  .    r - +0 helmet
rElec   .          Harm     .    (no cloak)
rCorr   .          Rampage  .    (gloves unavailable)
Will    .....                    (no boots)
Stlth   +                        t - amulet of magic regeneration
HPRegen 0.30/turn                (no ring)
MPRegen 0.52/turn                (no ring)

@: brilliant, sanguine armoured
A: sanguine armour 1, demonic magic 1, demonic touch 3
a: no special abilities


You were on level 6 of the Dungeon.
You visited 1 branch of the dungeon, and saw 7 of its levels.

You collected 302 gold pieces.

Inventory:

Hand Weapons
 a - a +1 spear
 h - the +7 sling "Jipsoarr" {flame, +Blink rC+ Str+6 Dex-4}
   (You found it on level 3 of the Dungeon)

   Str:       It affects your strength (+6).
   Dex:       It affects your dexterity (-4).
   rC:        It protects you from cold.
   +Blink:    It lets you blink.
 p - the +7 Throatcutter (weapon) {drain, coup de grace}
   (You found it on level 3 of the Dungeon)
Armour
 b - a +0 leather armour
 q - a +2 ring mail (worn)
 r - a +0 helmet (worn)
Jewellery
 t - an amulet of magic regeneration (around neck)
Wands
 w - a wand of acid (7)
 x - a wand of polymorph (4)
Scrolls
 d - a scroll of brand weapon {unknown}
 e - a scroll of identify {unknown}
 i - a scroll of butterflies {unknown}
 k - 2 scrolls of teleportation
 l - a scroll of fog {unknown}
 m - 2 scrolls of torment {unknown}
 n - 2 scrolls of fear {unknown}
 u - a scroll of immolation {unknown}
 v - a scroll of amnesia {unknown}
 y - a scroll of vulnerability {unknown}
Potions
 c - 2 potions of curing
 f - a potion of magic {unknown}
 g - 2 potions of lignification {unknown}
 j - 2 potions of brilliance
 o - 3 potions of heal wounds {unknown}
 s - a potion of degeneration {unknown}


   Skills:
 + Level 5.5 Fighting
 + Level 3.9 Long Blades
 + Level 5.5 Polearms
 + Level 5.0 Dodging
 - Level 2.0 Spellcasting
 - Level 3.0 Conjurations


You had 10 spell levels left.
You knew the following spells:

 Your Spells              Type           Power      Damage    Failure   Level
a - Kiss of Death         Conj/Necr      40%        2d8       24%         1

Your spell library contained the following spells:

 Spells                   Type           Power      Damage    Failure   Level
 Momentum Strike          Conj/Tloc      20%        3d8       34%         2
 Summon Small Mammal      Summ           8%         N/A       41%         1
 Hailstorm                Conj/Ice       10%        3d5       56%         3
 Call Canine Familiar     Summ           2%         N/A       78%         3
 Portal Projectile        Hex/Tloc       4%         N/A       78%         3
 Summon Guardian Golem    Hex/Summ       2%         N/A       78%         3
 Leda's Liquefaction      Hex/Erth       1%         N/A       99%         4


Dungeon Overview and Level Annotations

Branches:
Dungeon (7/15)
 Temple: D:4-7

Altars:
Gozag
Kikubaaqudgha
Wu Jian

Shops:
D:1 (   D:2 =   D:3 *


Innate Abilities, Weirdness & Mutations

When seriously injured, your blood forms armour. (AC +6)
Spells you cast may paralyse adjacent enemies.
Your touch may irresistibly damage your foes and sap their willpower.


Message History

The orc hits you but does no damage.
You slash the orc!
You kill the orc!
Things that are here:
a +0 dagger; a +0 leather armour; an orc corpse
Found a stone staircase leading down.
A yak comes into view.
The yak bellows!
You hear a shout!
You slash the yak!
You touch the yak!!
You sap its willpower!
The yak is severely wounded.
The yak completely misses you.
You slash the yak! You drain the yak.
You kill the yak!
Your Dodging skill increases to level 5!
You see here a yak corpse.
A boulder beetle comes into view.
You see here a yak corpse.
The boulder beetle curls into a ball and begins rolling!
The boulder beetle hits you!!
Your blood congeals into armour.
The boulder beetle stops rolling and uncurls.
There is a stone staircase leading down, spattered with blood here.
Aiming: Corrosive Bolt
Press: ? - help, Shift-Dir - straight line, f - boulder beetle
Aim: a boulder beetle (100% to hit)
The bolt of acid hits the boulder beetle.
The boulder beetle is lightly wounded.
The boulder beetle misses you.
Aiming: Corrosive Bolt
Press: ? - help, Shift-Dir - straight line, f/p - boulder beetle
Aim: a boulder beetle (lightly wounded, 100% to hit)
The bolt of acid hits the boulder beetle!
The acid corrodes the boulder beetle!
The boulder beetle is lightly wounded.
The boulder beetle bites you!
It was a potion of brilliance.
You feel clever all of a sudden. The boulder beetle bites you!
* * * LOW HITPOINT WARNING * * *
It was a potion of curing.
You feel better. The boulder beetle bites you!!
You die...

.#. >##.... ## ... ... .#
#..... .# #.#.# ##.# ....
#..# ##.## ## #@# #...# .
#####B# #...# ##.
#..##.####### #..†# ..#
#.°○........# #...# #
#.##°###..####.####...###
#...# #..####...........
#.##.###..#.........†....
## ###....#.##...........
#.##......####...###


You could see a boulder beetle (corroded).

Vanquished Creatures
  A yak (D:6)
  2 water moccasins
  An ice beast (D:6)
  An ogre (D:6)
  A phantom (D:4)
  A bullfrog (D:4)
  A necrophage (D:4)
  A scorpion (D:4)
  A jelly (D:6)
  A gnoll bouda (D:5)
  4 hounds
  3 iguanas
  4 orc wizards
  8 adders
  4 dart slugs
  15 orcs
  4 ball pythons
  10 endoplasms
  4 giant cockroaches
  5 goblins
  13 hobgoblins
  6 jackals (D:1)
  6 quokkas
  5 bats
  2 frilled lizards
  14 kobolds
  7 rats
125 creatures vanquished.

Notes
Turn   | Place    | Note
-------+----------+-------------------------------------------
     0 | D:1      | Shayle the Demonspawn Reaver began the quest for the Orb.
     0 | D:1      | Reached XP level 1. HP: 16/16 MP: 3/3
    89 | D:1      | Gained mutation: When seriously injured, your blood forms
                  | armour. (AC +6) [demonic ancestry]
    89 | D:1      | Reached XP level 2. HP: 4/22 MP: 5/5
   833 | D:1      | Gained mutation: Spells you cast may paralyse adjacent
                  | enemies. [demonic ancestry]
   833 | D:1      | Reached XP level 3. HP: 18/28 MP: 6/6
  1135 | D:1      | Found Mufats's Antique Weapon Shoppe.
  1708 | D:2      | Reached XP level 4. HP: 18/34 MP: 7/7
  2050 | D:2      | Found Wuess's Jewellery Emporium.
  2421 | D:3      | Found an opulent altar of Gozag.
  2506 | D:3      | Found Gozag's Platinum Reserve.
  2884 | D:3      | Found the +7 Throatcutter {drain, coup de grace}
  3186 | D:3      | Identified the +7 sling "Jipsoarr" {flame, +Blink rC+ Str+6
                  | Dex-4}
  3500 | D:4      | Noticed a necrophage
  3504 | D:4      | Killed a necrophage
  3505 | D:4      | Reached skill level 1 in Long Blades
  3505 | D:4      | Gained mutation: Your touch may inflict minor irresistible
                  | damage on your foes. [demonic ancestry]
  3505 | D:4      | Reached XP level 5. HP: 37/41 MP: 8/8
  3598 | D:4      | Gained mutation: Your touch may inflict irresistible damage
                  | on your foes. [demonic ancestry]
  3598 | D:4      | Reached XP level 6. HP: 31/48 MP: 9/9
  3607 | D:4      | Found an ancient bone altar of Kikubaaqudgha.
  3695 | D:4      | Found an ornate altar of the Wu Jian Council.
  3792 | D:4      | Noticed a water moccasin
  3798 | D:4      | Killed a water moccasin
  4251 | D:5      | Entered Level 5 of the Dungeon
  4271 | D:4      | Reached XP level 7. HP: 34/55 MP: 10/10
  4429 | D:5      | You fall into a shaft and drop 2 floors!
  4846 | D:6      | Reached skill level 5 in Polearms
  4858 | D:6      | Reached skill level 5 in Fighting
  4936 | D:6      | Gained mutation: Your touch may irresistibly damage your
                  | foes and sap their willpower. [demonic ancestry]
  4936 | D:6      | Reached XP level 8. HP: 49/62 MP: 11/11
  5288 | D:6      | Reached skill level 5 in Dodging
  5294 | D:6      | Noticed a boulder beetle
  5306 | D:6      | Slain by a boulder beetle

Illustrated notes

Levels and vault maps discovered:
D:1:      mrwooster_arrival_arrow, layout_basic, serial_shops,
          nicolae_shop_overgrown_old_shop
D:2:      layout_basic, serial_shops, shop, nicolae_half_adder
D:3:      corexii_shack_village, layout_loops_ring,
          nicolae_gozag_zags_fifth_avenue,
          nicolae_concentric_dashed_squares_mild, dilly_guarded_unrand_throatcut
D:4:      layout_layer_cave, kennysheep_mini, mainiacjoe_overflow_tiny_flanked
D:5:      layout_basic, amcnicky_altar_gilded,
          minmay_temple_entry_statues_pillars
D:6:      minmay_cornered_nines, layout_loops_cross, minmay_crystal_water
D:7:      layout_rooms, mainiacjoe_overflow_catch_the_wave,
          kennysheep_little_box, hangedman_abyss_or_decor_stabs, minivault_14

Skill      XL: |  1  2  3  4  5  6  7  8 |
---------------+-------------------------+-----
Dodging        | 2 3 4 5 |  5.0
Polearms       | 3 4 5 |  5.5
Fighting       | 3 4 5 |  5.5
Long Blades    | 1 2 3 |  3.9
Spellcasting   | |  2.0
Conjurations   | |  3.0

Action                   |  1- 3 |  4- 6 |  7- 9 || total
-------------------------+-------+-------+-------++-------
Melee: Spear             |   222 |    88 |       ||   310
       Long sword        |       |    66 |    59 ||   125
       Touch             |       |     3 |     9 ||    12
       Punch             |       |     1 |       ||     1
Evoke: Wand              |       |       |     2 ||     2
  Use: Scroll            |       |     4 |     1 ||     5
       Potion            |       |       |     2 ||     2
Armor: Leather armour    |    70 |    32 |       ||   102
       Ring mail         |       |    28 |    25 ||    53
Dodge: Dodged            |   145 |   100 |    30 ||   275

Table legend: (Time is in decaauts)
 A = Elapsed time spent in this place.
 B = Non-inter-level travel time spent in this place.
 C = Inter-level travel time spent in this place.
 D = Time resting spent in this place.
 E = Time spent auto-exploring this place.
 F = Levels seen in this place.
 G = Mean time per level.
                   A        B        C        D        E       F      G
               +--------+--------+--------+--------+--------+-----+--------+
         Total |   5329 |   5071 |    258 |    478 |   3301 |   7 |  761.3 |
       Dungeon |   5329 |   5071 |    258 |    478 |   3301 |   7 |  761.3 |
               +--------+--------+--------+--------+--------+-----+--------+

Top non-repeatable levels by time:
     D:1: 1358 daAuts
     D:2: 1121 daAuts
     D:3: 997 daAuts
     D:4: 865 daAuts
     D:6: 664 daAuts
     D:7: 226 daAuts
     D:5: 94 daAuts
